 Dungeon Crawl Stone Soup version 0.30.0-5-g1a98f26d00 (webtiles) character file.

Game seed: 15774045758588487920

82 RascalDebosk the Magician (level 4, -1/31 HPs)
             Began as a Djinni Earth Elementalist on May 12, 2023.
             Slain by a gnoll
             ... wielding a +0 spear
              (2 damage)
             ... on level 2 of the Dungeon.
             The game lasted 00:08:54 (958 turns).

RascalDebosk the Magician (DjEE)                     Turns: 958, Time: 00:08:55

Health: -1/31      AC:  3    Str:  7    XL:     4   Next: 70%
Gold:   120        EV: 12    Int: 18    God:
                   SH:  0    Dex: 14

rFire   + + .        s - +0 dagger
rCold   x . .        (no shield)
rNeg    . . .        a - +0 robe
rPois   ∞            c - +0 helmet
rElec   .            (no cloak)
rCorr   .            (no gloves)
SInv    .            (boots unavailable)
Will    .....        g - amulet of the acrobat
Stlth   ++           (no ring)
HPRegen 0.25/turn    (no ring)
MPRegen 0.00/turn

%: acrobat, infuse magic (-2 HP)
@: flying, very slightly contaminated
A: sickness immunity, fire resistance 2, cold vulnerability 1, float, innate
caster, HP casting, extra vitality 1
a: no special abilities


You were on level 2 of the Dungeon.
You visited 1 branch of the dungeon, and saw 2 of its levels.

You collected 120 gold pieces.

Inventory:

Hand Weapons
 s - a +0 dagger (weapon)
Armour
 a - a +0 robe (worn)
 c - a +0 helmet (worn)
Jewellery
 g - an amulet of the acrobat (around neck)
Scrolls
 b - a scroll of magic mapping {unknown}
 d - a scroll of poison {unknown}
 e - 2 scrolls of teleportation {unknown}
 f - a scroll of fear {unknown}
 h - 2 scrolls of vulnerability {unknown}
 n - a scroll of identify {unknown}
 o - a scroll of butterflies {unknown}
 p - a scroll of noise {unknown}
Potions
 i - a potion of attraction {unknown}
 j - a potion of degeneration {unknown}
 k - a potion of mutation {unknown}
 l - a potion of brilliance {unknown}
 m - a potion of ambrosia {unknown}


   Skills:
 - Level 2.1 Dodging
 - Level 1.5 Stealth
 * Level 4.0 Spellcasting


You knew the following spells:

 Your Spells              Type           Power      Damage    Failure   Level
a - Sandblast             Erth           36%        2d10      2%          1
b - Passwall              Tmut/Erth      15%        N/A       4%          2
c - Stone Arrow           Conj/Erth      36%        3d9       9%          3
d - Petrify               Tmut/Erth      18%        N/A       28%         4
e - Shock                 Conj/Air       72%        1d7       2%          1
Your spell library was empty.

Dungeon Overview and Level Annotations

Branches:
Dungeon (2/15)

Altars:
Elyvilon


Innate Abilities, Weirdness & Mutations

You are immune to sickness and miasma.
You are immune to poison.
Your flesh is very heat resistant. (rF++)
You are vulnerable to cold. (rC-)
You float through the air rather than walking.
You learn spells naturally, not from books.
Your magical power is your life essence.
You have superior vitality. (+4 MHP)


Message History

A frilled lizard comes into view.
Casting: Stone Arrow (quite dangerous; 11% risk of failure)
Confirm with . or Enter, or press ? or * to list all spells.
Aiming: Passwall (safe; 5% risk of failure)
Press: ? - help, Dir - move target, f - you Please select a wall.
Okay, then.
Casting: Passwall (safe; 5% risk of failure)
Confirm with . or Enter, or press ? or * to list all spells.
Aiming: Sandblast (safe; 3% risk of failure)
Press: ? - help, Shift-Dir - straight line, f - endoplasm
Aim: an endoplasm (98% to hit)
The blast of sand hits the endoplasm!
You kill the endoplasm!
The frilled lizard hisses angrily.
Casting: Sandblast (safe; 3% risk of failure)
Confirm with . or Enter, or press ? or * to list all spells.
Aiming: Sandblast (safe; 3% risk of failure)
Press: ? - help, Shift-Dir - straight line, f - frilled lizard
Aim: a frilled lizard (70% to hit)
The blast of sand misses the frilled lizard.
Casting: Sandblast (safe; 3% risk of failure)
Confirm with . or Enter, or press ? or * to list all spells.
Aiming: Sandblast (safe; 3% risk of failure)
Press: ? - help, Shift-Dir - straight line, f/p - frilled lizard
Aim: a frilled lizard (70% to hit)
The blast of sand misses the frilled lizard.
The frilled lizard closely misses you.
Casting: Sandblast (safe; 3% risk of failure)
Confirm with . or Enter, or press ? or * to list all spells.
Aiming: Sandblast (safe; 3% risk of failure)
Press: ? - help, Shift-Dir - straight line, f/p - frilled lizard
Aim: a frilled lizard (70% to hit)
The blast of sand hits the frilled lizard!
You kill the frilled lizard!
You see here a frilled lizard corpse.
Found an escape hatch in the ceiling.
There is an escape hatch in the ceiling here.
You reach down and open the door. 4 gnolls come into view.
The gnoll shouts! x4
Found 2 scrolls labelled HIPTUE NIBECYZEE, a ring mail and 6 stones.
Casting: Sandblast (safe; 3% risk of failure)
Confirm with . or Enter, or press ? or * to list all spells.
The spell is quite dangerous to miscast (11% risk of failure)!
Continue anyway?
Aiming: Stone Arrow (quite dangerous; 11% risk of failure)
Press: ? - help, Shift-Dir - straight line, f - gnoll
Aim: a gnoll, wielding a +0 whip (72% to hit)
The stone arrow hits the gnoll!
You kill the gnoll!
The gnoll hits you from afar with a +0 halberd.
Casting: Stone Arrow (quite dangerous; 10% risk of failure)
Confirm with . or Enter, or press ? or * to list all spells.
The spell is quite dangerous to miscast (10% risk of failure)!
Continue anyway?
Aiming: Stone Arrow (quite dangerous; 10% risk of failure)
Press: ? - help, Shift-Dir - straight line, f - gnoll
Aim: a gnoll, wielding a +0 halberd (72% to hit)
The stone arrow hits the gnoll!!
You kill the gnoll!
Casting: Stone Arrow (quite dangerous; 9% risk of failure)
Confirm with . or Enter, or press ? or * to list all spells.
The spell is quite dangerous to miscast (9% risk of failure)!
Continue anyway?
Aiming: Stone Arrow (quite dangerous; 9% risk of failure)
Press: ? - help, Shift-Dir - straight line, f - gnoll
Aim: a gnoll, wielding a +0 spear (72% to hit)
You miscast Stone Arrow.
You are very lightly contaminated with residual magic.
Nothing appears to happen.
The gnoll closely misses you.
Casting: Stone Arrow (quite dangerous; 9% risk of failure)
Confirm with . or Enter, or press ? or * to list all spells.
The spell is quite dangerous to miscast (9% risk of failure)!
Continue anyway?
Aiming: Stone Arrow (quite dangerous; 9% risk of failure)
Press: ? - help, Shift-Dir - straight line, f/p - gnoll
Aim: a gnoll, wielding a +0 spear (72% to hit)
The stone arrow hits the gnoll!!
You kill the gnoll!
The gnoll hits you from afar with a +0 spear!
* * * LOW HITPOINT WARNING * * *
Your Spellcasting skill increases to level 4!
Casting: Stone Arrow (quite dangerous; 9% risk of failure)
Confirm with . or Enter, or press ? or * to list all spells.
The spell is quite dangerous to miscast (9% risk of failure)!
Continue anyway?
Aiming: Stone Arrow (quite dangerous; 9% risk of failure)
Press: ? - help, Shift-Dir - straight line, f - gnoll
Aim: a gnoll, wielding a +0 spear (72% to hit)
The stone arrow hits the gnoll!
The gnoll is almost dead.
* * * LOW HITPOINT WARNING * * *
The gnoll hits you from afar with a +0 spear.
* * * LOW HITPOINT WARNING * * *
Casting: Stone Arrow (quite dangerous; 9% risk of failure)
Confirm with . or Enter, or press ? or * to list all spells.
The spell is quite dangerous to miscast (9% risk of failure)!
Continue anyway?
Aiming: Stone Arrow (quite dangerous; 9% risk of failure)
Press: ? - help, Shift-Dir - straight line, f/p - gnoll
Aim: a gnoll, wielding a +0 spear (almost dead, 72% to hit)
The stone arrow misses the gnoll.
* * * LOW HITPOINT WARNING * * *
The gnoll hits you from afar with a +0 spear.
You die...

.##.#####...#.####......
#..................... +
########.##..###......
.. #.###.# #...... .(
#.# #.###..._.. . 8. #.#
#.##....... ...#. #<#
#....#†.... .?8..g####.#
#..#...#..#
[....))@...###..##.###.#
..8...####......##.)_)..
...#. #####.#######)# .
8. #.#######.# ..
#<......... ..
#########.# + #.# #.. #.


You could see a gnoll.

Vanquished Creatures
  Terence (D:2)
  3 gnolls (D:2)
  A dart slug (D:1)
  2 ball pythons
  An endoplasm (D:2)
  2 giant cockroaches (D:1)
  3 goblins
  2 hobgoblins
  A quokka (D:2)
  A bat (D:1)
  5 frilled lizards
  4 kobolds
  3 rats (D:1)
29 creatures vanquished.

Notes
Turn   | Place    | Note
-------+----------+-------------------------------------------
     0 | D:1      | RascalDebosk the Djinni Earth Elementalist began the quest
                  | for the Orb.
     0 | D:1      | RascalDebosk set off with the following spells memorised:
                  | Sandblast, Passwall, Stone Arrow, Petrify.
     0 | D:1      | Reached XP level 1. HP: 15/15 MP: 0/0
   239 | D:1      | Reached XP level 2. HP: 17/21 MP: 0/0
   388 | D:1      | Reached skill level 3 in Spellcasting
   760 | D:2      | Found a white marble altar of Elyvilon.
   761 | D:2      | Found a faded altar of an unknown god.
   769 | D:2      | Reached XP level 3. HP: 24/25 MP: 0/0
   769 | D:2      | Learned a level 1 spell: Shock
   788 | D:2      | Noticed Terence
   805 | D:2      | Killed Terence
   806 | D:2      | Reached XP level 4. HP: 17/31 MP: 0/0
   957 | D:2      | Reached skill level 4 in Spellcasting
   958 | D:2      | Slain by a gnoll

Illustrated notes

Levels and vault maps discovered:
D:1:      scummos_arrival_simple_fountains, layout_basic
D:2:      layout_loops_ring, serial_shops, shop, basic_altar,
          basic_ecumenical_altar, dk_noncrumbling_3,
          dreamdust_mushroom_princess, uniq_terence

Skill      XL: |  1  2  3  4 |
---------------+-------------+-----
Spellcasting   | 3 4 |  4.0
Dodging        | |  2.1
Stealth        | |  1.5

Action                     |  1- 3 |  4- 6 || total
---------------------------+-------+-------++-------
   Cast: Sandblast         |    38 |     4 ||    42
         Stone Arrow       |     4 |     5 ||     9
 Armour: Robe              |     3 |       ||     3
  Dodge: Dodged            |    17 |     2 ||    19
